 Dungeon Crawl Stone Soup version 0.23.2-30-g0e89c35649 (webtiles) character file.

Game seed: 12224088253265294142

4276 diana the Fighter (level 10, -10/91 HPs)
             Began as a Minotaur Berserker on June 11, 2019.
             Was a High Priest of Trog.
             Killed by divine providence
             ... invoked by an orc priest
              (16 damage)
             ... on level 8 of the Dungeon.
             The game lasted 00:15:04 (6625 turns).

diana the Fighter (Minotaur Berserker)              Turns: 6625, Time: 00:15:06

Health: -10/91     AC: 13    Str: 23    XL:     10   Next: 10%
Magic:  9/9        EV: 12    Int:  5    God:    Trog [*****.]
Gold:   768        SH:  4    Dex: 11    Spells: 9/9 levels left

rFire    + . .     SeeInvis .   y - +3 hand axe
rCold    + . .     Gourm    .   l - +0 buckler
rNeg     + . .     Faith    .   e - +0 chain mail
rPois    +         Spirit   .   (helmet restricted)
rElec    +         Reflect  .   (no cloak)
rCorr    +         Harm     .   (no gloves)
MR       ++...                  C - +1 pair of boots {run}
Stlth    ..........             (no amulet)
HPRegen  1.25/turn              f - ring of resist corrosion
MPRegen  0.11/turn              h - ring of positive energy

@: resistant, berserk cooldown, regenerating, hasted and slowed, quick
A: retaliatory headbutt, horns 2
a: Berserk, Trog's Hand, Brothers in Arms, Renounce Religion


You were on level 8 of the Dungeon.
You worshipped Trog.
Trog was extremely pleased with you.
You were near starving.

You visited 2 branches of the dungeon, and saw 10 of its levels.
You also visited: Ossuary.

You collected 768 gold pieces.

Inventory:

Hand Weapons
 y - a +3 hand axe (weapon)
Missiles
 n - 2 throwing nets (quivered)
Armour
 b - a +0 animal skin
 e - a +0 chain mail (worn)
 l - a +0 buckler (worn)
 C - a +1 pair of boots of running (worn)
Jewellery
 f - a ring of resist corrosion (left hand)
 h - a ring of positive energy (right hand)
 B - an uncursed ring of flight {unknown}
 K - an uncursed ring of see invisible {unknown}
Wands
 a - a wand of random effects (54)
 t - a wand of flame (20)
 I - a wand of polymorph (11)
Scrolls
 d - 4 scrolls of identify
 g - 4 scrolls of remove curse
 j - a scroll of noise {unknown}
 k - 3 scrolls of blinking {unknown}
 m - 6 scrolls of teleportation
 o - 2 scrolls of fog
 q - 2 scrolls of enchant armour
 u - 2 scrolls of enchant weapon
 D - 3 scrolls of immolation {unknown}
 E - a scroll of amnesia {unknown}
 G - a scroll of magic mapping {unknown}
 J - a scroll of vulnerability {unknown}
Potions
 i - 5 potions of resistance
 p - 2 potions of agility {unknown}
 r - 2 potions of flight {unknown}
 s - a potion of magic {unknown}
 v - 2 potions of heal wounds {unknown}
 w - 2 potions of haste
 x - 2 potions of curing {unknown}
 z - a potion of berserk rage {unknown}
 A - a potion of lignification {unknown}
 F - a potion of ambrosia {unknown}
 H - a potion of cancellation {unknown}
Comestibles
 c - 19 rations


   Skills:
 + Level 9.4 Fighting
 + Level 9.2 Axes
 + Level 8.9 Armour
 + Level 8.1 Dodging
 - Level 4.0 Shields


You had 9 spell levels left.
You didn't know any spells.
Your spell library was empty.

Dungeon Overview and Level Annotations

Branches:
Dungeon (9/15)             Temple (1/1) D:7
   Lair: D:8-11         Orc: D:9-12

Altars:
Ashenzari
Cheibriados
Dithmenos
Elyvilon
Fedhas
Gozag
Hepliaklqana
Kikubaaqudgha
Makhleb
Nemelex Xobeh
Okawaru
Qazlal
Ru
Sif Muna
Trog
Uskayaw
Vehumet
Wu Jian
Xom
Yredelemnul
Zin
The Shining One

Shops:
D:7 ?%

Annotations:
D:9 Pikel


Innate Abilities, Weirdness & Mutations

You reflexively headbutt those who attack you in melee.
You have a pair of horns on your head.


Message History

An iguana comes into view.
The sentinel's mark upon you fades away.
The warg misses you. The orc closely misses you. You furiously retaliate!
You headbutt the orc. The warg barely misses you. You furiously retaliate!
You headbutt the warg, but do no damage.
The orc barely misses you. The orc priest closely misses you.
The warg closely misses you.
The orc priest calls upon Beogh to heal the orc priest.
The orc priest is healed somewhat.
The warg stops to sniff the ground.
The orc closely misses you.
There is a stone staircase leading down here.
It was a potion of haste.
You feel yourself speed up.
The warg stops to sniff the ground.
The warg barely misses you. You furiously retaliate!
You headbutt the warg!
The orc priest hits you but does no damage.
The warg bites you but does no damage.
The orc priest invokes the aid of Beogh against you.
Beogh smites you!
You die...

#######
######.....######
#................
#................
##...............
#................
##o...######......
##@...## #......
#hoh### ##......
#hs## #.......
#oo## #.......
#lo. #.....##
#..## #.....#≈ #.#
#.....# #..
#.....## #..
###.....


You could see 3 wargs, an iguana, 3 orc priests, 2 orcs and a giant cockroach.

Vanquished Creatures
  Grinder (D:5)
  A human (D:7)
  A yak (D:7)
  3 hogs (D:7)
  An orc warrior (D:7)
  4 black bears (D:6)
  A phantom (D:6)
  2 sky beasts
  4 ogres
  A necrophage (D:6)
  3 centaurs
  5 bullfrogs
  A water moccasin skeleton (D:8)
  3 howler monkeys
  2 electric eels (D:6)
  A crimson imp (D:5)
  7 hounds
  A jelly (D:5)
  A bullfrog skeleton (D:6)
  5 orc priests
  9 orc wizards
  A centaur skeleton (D:7)
  A gnoll shaman (D:6)
  Ijyb (D:5)
  2 iguanas
  10 worker ants
  A big kobold zombie (Ossuary)
  A hound skeleton (D:4)
  A howler monkey zombie (D:3)
  8 mummies (Ossuary)
  A worker ant zombie (D:5)
  3 gnolls (D:6)
  8 adders
  A shadow imp (D:8)
  An adder zombie (D:5)
  3 worms (D:2)
  4 leopard geckos
  33 orcs
  7 giant cockroaches
  5 hobgoblins
  14 jackals
  A quokka (D:5)
  2 ball pythons (D:2)
  10 bats
  4 frilled lizards
  A gnoll zombie (Ossuary)
  7 goblins
  3 hobgoblin zombies (Ossuary)
  A jackal skeleton (D:5)
  10 kobolds
  A leopard gecko skeleton (D:7)
  A leopard gecko zombie (D:6)
  3 orc zombies (Ossuary)
  5 rats
  2 rat zombies (D:7)
214 creatures vanquished.

Vanquished Creatures (others)
  A plant (D:6)
1 creature vanquished.

Grand Total: 215 creatures vanquished

Notes
Turn   | Place    | Note
-------+----------+-------------------------------------------
     0 | D:1      | diana the Minotaur Berserker began the quest for the Orb.
     0 | D:1      | Reached XP level 1. HP: 19/19 MP: 0/0
   274 | D:1      | Reached XP level 2. HP: 27/27 MP: 1/1
   728 | D:2      | Reached ** piety under Trog
   805 | D:2      | Reached XP level 3. HP: 33/33 MP: 2/2
  1361 | D:3      | Reached skill level 1 in Shields
  1361 | D:3      | Reached XP level 4. HP: 25/41 MP: 3/3
  1839 | D:3      | Reached XP level 5. HP: 40/47 MP: 4/4
  1861 | D:3      | Reached *** piety under Trog
  2248 | D:4      | Reached skill level 5 in Fighting
  2780 | D:4      | Reached XP level 6. HP: 52/56 MP: 5/5
  3024 | D:5      | Entered Level 5 of the Dungeon
  3031 | D:5      | Reached skill level 5 in Axes
  3151 | D:5      | Noticed Grinder
  3166 | D:5      | Paralysed by Grinder for 7 turns
  3176 | D:5      | Killed Grinder
  3255 | D:5      | Reached XP level 7. HP: 45/61 MP: 6/6
  3398 | D:5      | Noticed Ijyb
  3410 | D:5      | Killed Ijyb
  3807 | D:6      | Reached **** piety under Trog
  3807 | D:6      | Reached skill level 5 in Armour
  3972 | D:6      | Reached skill level 5 in Dodging
  3972 | D:6      | Reached XP level 8. HP: 71/71 MP: 7/7
  4817 | D:6      | Reached XP level 9. HP: 72/80 MP: 8/8
  5073 | D:7      | Reached ***** piety under Trog
  5146 | D:7      | Identified a +1 pair of boots of running (You found it on
                  | level 7 of the Dungeon)
  5223 | D:7      | Found Suunigon's Magic Scroll Shop.
  5248 | D:7      | Found a sand-covered staircase.
  5255 | Ossuary  | Entered an ossuary
  5838 | D:7      | Found a staircase to the Ecumenical Temple.
  5927 | Temple   | Entered the Ecumenical Temple
  6225 | D:7      | Found Hohum's Food Shoppe.
  6424 | D:8      | Found a shattered altar of Ashenzari.
  6431 | D:8      | Reached XP level 10. HP: 90/91 MP: 9/9
  6516 | D:8      | Received a gift from Trog
  6621 | D:9      | Found an iron altar of Okawaru.
  6621 | D:9      | Noticed Pikel
  6621 | D:9      | Noticed a two-headed ogre
  6623 | D:9      | HP: 1/91 [warg (11)]
  6625 | D:8      | Killed from afar by an orc priest

Skill      XL: |  1  2  3  4  5  6  7  8  9 10 |
---------------+-------------------------------+-----
Fighting       | 4 5 6 7 9 |  9.4
Armour         | 3 4 5 7 8 |  8.9
Axes           | 4 5 6 7 9 |  9.2
Dodging        | 3 4 5 6 7 8 |  8.1
Shields        | 1 2 3 4 |  4.0

Action                   |  1- 3 |  4- 6 |  7- 9 | 10-12 || total
-------------------------+-------+-------+-------+-------++-------
Melee: Hand axe          |    99 |   132 |   342 |    35 ||   608
       Headbutt          |    11 |    21 |    69 |    14 ||   115
Invok: Berserk           |       |       |     1 |     1 ||     2
       Trog's Hand       |       |       |       |     1 ||     1
Evoke: Wand              |       |       |     4 |       ||     4
  Use: Scroll            |       |       |     5 |       ||     5
       Potion            |       |       |       |     2 ||     2
  Eat: Chunk             |       |     7 |     8 |     1 ||    16
       Ration            |       |       |     1 |       ||     1
Armor: Chain mail        |    48 |    65 |   141 |    12 ||   266
       Animal skin       |     2 |       |       |       ||     2
Dodge: Dodged            |    54 |    54 |   166 |    33 ||   307
Block: Buckler           |     4 |    21 |    52 |    13 ||    90
